 Dungeon Crawl Stone Soup version 0.21-a0-364-gbd1fde4 (webtiles) character file.

146 HAL9000 the Sneak (level 5, -3/26 HPs)
             Began as a Vine Stalker Assassin on Oct 14, 2017.
             Killed by divine providence
             ... invoked by an orc priest
              (10 damage)
             ... on level 3 of the Dungeon.
             The game lasted 00:03:42 (2098 turns).

HAL9000 the Sneak (Vine Stalker Assassin)           Turns: 2098, Time: 00:03:44

Health: -3/26      AC:  4    Str: 15    XL:     5   Next: 28%
Magic:  0/6        EV: 11    Int: 11    God:
Gold:   80         SH:  0    Dex: 15    Spells: 4/4 levels left

rFire    . . .     SeeInvis .   a - +2 dagger
rCold    + . .     Gourm    .   (no shield)
rNeg     . . .     Faith    .   c - +0 robe
rPois    .         Spirit   +   k - +0 helmet
rElec    .         Reflect  .   d - +0 cloak
rCorr    .         Harm     .   (no gloves)
MR       .....                  (no boots)
Stlth    +++.......             (no amulet)
HPRegen  0.48/turn              l - ring of protection from cold
MPRegen  0.10/turn              (no ring)

@: no status effects
A: fangs 2, regeneration 1, magic shield, antimagic bite, no potion heal 3, rot
immunity
a: no special abilities


You were on level 3 of the Dungeon.
You were not hungry.

You visited 1 branch of the dungeon, and saw 3 of its levels.

You collected 80 gold pieces.

Inventory:

Hand Weapons
 a - a +2 dagger (weapon)
 b - a +0 blowgun
Missiles
 e - 8 poisoned needles
 f - 2 curare-tipped needles
Armour
 c - a +0 robe (worn)
 d - a +0 cloak (worn)
 k - a +0 helmet (worn)
Jewellery
 l - a ring of protection from cold (left hand)
Wands
 z - a wand of paralysis (9/24)
Scrolls
 i - a scroll of blinking {unknown}
 m - 2 scrolls of identify {unknown}
 p - 2 scrolls of magic mapping {unknown}
 v - a scroll of remove curse {unknown}
 y - a scroll of enchant weapon {unknown}
 A - a scroll of teleportation {unknown}
Potions
 h - 2 potions of agility {unknown}
 j - a potion of heal wounds {unknown}
 q - a potion of curing {unknown}
 s - 2 potions of degeneration {unknown}
 w - a potion of lignification {unknown}
Comestibles
 g - 3 bread rations
 o - a royal jelly
 r - 2 meat rations
 t - 8 fruits
 B - a chunk of flesh


   Skills:
 - Level 1.7 Fighting
 + Level 4.8 Short Blades
 - Level 1.7 Throwing
 - Level 0.7 Dodging
 - Level 4.8 Stealth


You had 4 spell levels left.
You didn't know any spells.

Dungeon Overview and Level Annotations

Branches:
Dungeon (3/15)

Altars:


Innate Abilities, Weirdness & Mutations

You have extremely sharp teeth.
Your natural rate of healing is unusually fast.
When hurt, damage is shared between your health and your magic reserves.
Your bite disrupts and absorbs the magic of your enemies.
Potions cannot restore your health.
You are immune to rotting.


Message History

The orc is heavily wounded.
You closely miss the orc.
The orc is heavily wounded.
The orc barely misses you.
You closely miss the orc.
The orc is heavily wounded.
The orc hits you with a flail.
You hit the orc but do no damage. Your bite misses the orc.
The orc is heavily wounded.
You hit the orc. You bite the orc, but do no damage.
The orc is severely wounded.
The orc hits you with a flail.
The orc priest calls down the wrath of Beogh upon you.
Beogh smites you!
* * * LOW HITPOINT WARNING * * *
The orc priest calls upon Beogh to heal the orc.
The orc's wounds heal themselves!
The orc priest invokes the aid of Beogh against you.
Beogh smites you!
You die...

###.# ##### .....# #...# .#
######### ### #...# .#
#........ ..# #...#
#####.###########.# #...####
.....).....#...<#.# #......#
.####.#.........#.###...##.####
................@o..oo.........
.####......####...####.#...####
.# #†............# #<.....#
.####.###(####...#####.#...#
........."...#.........#...#
..###.###.##.#....##########
#.###..#.#...........
#.##..)......########
..##.........#


You could see an orc priest and 2 orcs.

Vanquished Creatures
  A scorpion (D:2)
  3 adders
  An ooze (D:1)
  4 dart slugs
  3 leopard geckos (D:2)
  An orc (D:2)
  3 bats (D:2)
  5 goblins
  9 hobgoblins
  6 jackals
  5 kobolds
  A quokka (D:3)
  2 ball pythons (D:2)
  6 frilled lizards
  A rat (D:3)
51 creatures vanquished.

Notes
Turn   | Place    | Note
-------+----------+-------------------------------------------
     0 | D:1      | HAL9000 the Vine Stalker Assassin began the quest for the Orb.
     0 | D:1      | Reached XP level 1. HP: 11/11 MP: 2/2
   132 | D:1      | Reached XP level 2. HP: 15/15 MP: 3/3
   738 | D:2      | Reached XP level 3. HP: 18/18 MP: 4/4
  1379 | D:2      | Noticed a scorpion
  1383 | D:2      | Killed a scorpion
  1383 | D:2      | Gained mutation: Your natural rate of healing is unusually fast. [Vine Stalker growth]
  1383 | D:2      | Reached XP level 4. HP: 23/23 MP: 5/5
  1663 | D:2      | Reached XP level 5. HP: 26/26 MP: 6/6
  2098 | D:3      | Killed from afar by an orc priest

Vault maps used:
D:1:      lightli_iron_boxes
D:2:      minmay_crystal_room
D:3:      overflow_temple_1_default, first_bread

Skill      XL: |  1  2  3 |
---------------+----------+-----
Short Blades   | 2 3 4 |  4.8
Fighting       | |  1.7
Throwing       | |  1.7
Dodging        | |  0.7
Stealth        | |  4.8

Action                   |  1- 3 |  4- 6 || total
-------------------------+-------+-------++-------
Melee: Dagger            |    78 |    64 ||   142
       Bite              |    10 |    16 ||    26
 Fire: Blowgun           |       |     2 ||     2
 Stab: Sleeping          |     8 |     9 ||    17
  Eat: Chunk             |     1 |     3 ||     4
Armor: Robe              |     8 |     7 ||    15
Dodge: Dodged            |    35 |    24 ||    59

Table legend:
 A = Spawn XP
 B = Non-spawn XP
 C = Spawn XP percentage of total XP
 D = Spawn monster count
 E = Non-spawn monster count
 F = Spawn count percentage of total count
 G = Total turns spent on level
                    A         B        C        D         E        F      G
               +---------+---------+-------+---------+---------+-------+---------
         Total |       0 |     209 |   0.0 |       0 |      51 |   0.0 |  2098
               +---------+---------+-------+---------+---------+-------+---------
           D:1 |       0 |      28 |   0.0 |       0 |      11 |   0.0 |   570
           D:2 |       0 |     158 |   0.0 |       0 |      33 |   0.0 |  1350
           D:3 |       0 |      23 |   0.0 |       0 |       7 |   0.0 |   178
               +---------+---------+-------+---------+---------+-------+---------
